 Dungeon Crawl Stone Soup version 0.23.1 (webtiles) character file.

Game seed: 0

1726 1994 the Summoner (level 8, -4/41 HPs)
             Began as a Deep Elf Summoner on Mar 2, 2019.
             Was an Initiate of Sif Muna.
             Slain by a two-headed ogre
             ... wielding a cursed -2 dire flail
              (13 damage)
             ... on level 8 of the Dungeon on Mar 3, 2019.
             The game lasted 00:57:23 (7612 turns).

1994 the Summoner (Deep Elf Summoner)               Turns: 7612, Time: 00:57:24

Health: -4/41      AC:  4    Str:  5    XL:     8   Next: 75%
Magic:  21/22      EV: 17    Int: 23    God:    Sif Muna [......]
Gold:   527        SH:  0    Dex: 15    Spells: 7/23 levels left

rFire    . . .     SeeInvis +   (no weapon)
rCold    . . .     Gourm    .   (no shield)
rNeg     + . .     Faith    .   a - +0 robe
rPois    .         Spirit   .   l - +0 helmet
rElec    .         Reflect  .   (no cloak)
rCorr    .         Harm     .   r - +0 pair of gloves
MR       .....                  (no boots)
Stlth    ++........             n - amulet of rage
HPRegen  0.13/turn              q - ring of see invisible
MPRegen  0.18/turn              D - ring of positive energy

@: confusing touch
A: no striking features
a: Renounce Religion, Evoke Berserk Rage


You were on level 8 of the Dungeon.
You worshipped Sif Muna.
Sif Muna was noncommittal.
You were not hungry.

You visited 2 branches of the dungeon, and saw 9 of its levels.

You collected 527 gold pieces.

Inventory:

Hand Weapons
 y - a +2 quarterstaff of crushing
Armour
 a - a +0 robe (worn)
 l - a +0 helmet (worn)
 r - a +0 pair of gloves (worn)
Jewellery
 n - an amulet of rage (around neck)
 q - a ring of see invisible (left hand)
 z - an uncursed ring of stealth
 D - a ring of positive energy (right hand)
Wands
 m - a wand of digging (5)
Scrolls
 b - 3 scrolls of identify {unknown}
 f - a scroll of enchant armour {unknown}
 g - 2 scrolls of amnesia
 i - 3 scrolls of remove curse
 k - a scroll of noise {unknown}
 o - 4 scrolls of teleportation
 w - 2 scrolls of enchant weapon {unknown}
 x - a scroll of magic mapping {unknown}
 A - a scroll of acquirement {unknown}
 B - a scroll of blinking {unknown}
 E - a scroll of summoning {unknown}
 G - a scroll of vulnerability {unknown}
Potions
 d - 3 potions of haste {unknown}
 e - 3 potions of flight {unknown}
 h - 2 potions of agility {unknown}
 j - a potion of invisibility {unknown}
 p - a potion of degeneration {unknown}
 s - 3 potions of berserk rage {unknown}
 t - a potion of curing {unknown}
 u - a potion of experience {unknown}
 v - a potion of ambrosia {unknown}
 C - 2 potions of heal wounds {unknown}
 F - a potion of lignification {unknown}
Comestibles
 c - 11 rations


   Skills:
 + Level 7.2 Dodging
 - Level 2.4 Stealth
 + Level 8.0 Spellcasting
 - Level 3.0 Hexes
 * Level 9.1 Summonings
 + Level 1.1 Invocations


You had 7 spell levels left.
You knew the following spells:

 Your Spells              Type           Power        Failure   Level  Hunger
a - Summon Small Mammal   Summ           ####         1%          1    None
b - Confusing Touch       Hex            ###...       1%          1    None
c - Call Canine Familiar  Summ           ######..     1%          3    None
d - Summon Guardian Gole  Hex/Summ       #####...     1%          3    None
e - Summon Ice Beast      Ice/Summ       ####....     11%         4    ###....
f - Summon Lightning Spi  Summ/Air       ####....     11%         4    ###....

Your spell library contained the following spells:

 Spells                   Type           Power        Failure   Level  Hunger
 Call Imp                 Summ           ######..     1%          2    None
 Animate Skeleton         Necr           N/A          7%          1    None
 Apportation              Tloc           #.....       7%          1    None
 Shock                    Conj/Air       #...         7%          1    None
 Swiftness                Chrm/Air       #.......     11%         2    None
 Static Discharge         Conj/Air       #.......     21%         3    None
 Airstrike                Air            #.........   56%         4    ###....
 Lightning Bolt           Conj/Air       #.........   88%         5    #####..


Dungeon Overview and Level Annotations

Branches:
Dungeon (8/15)             Temple (1/1) D:7
   Lair: D:8-11

Altars:
Ashenzari
Cheibriados
Dithmenos
Elyvilon
Fedhas
Gozag
Hepliaklqana
Kikubaaqudgha
Makhleb
Nemelex Xobeh
Okawaru
Qazlal
Ru
Sif Muna
Trog
Uskayaw
Vehumet
Wu Jian
Xom
Yredelemnul
Zin
The Shining One


Message History

You hear the hiss of flowing sand.
There is an entrance to an ossuary on this level.
Hurry and find it before the portal is buried!
A two-headed ogre comes into view.
It is wielding a -2 dire flail and a +0 giant club.
Found a ration.
There is a stone staircase leading up here.
Unknown command.
Casting: Summon Guardian Golem (safe; 1% risk of failure)
Confirm with . or Enter, or press ? or * to list all spells.
Your hands begin to glow red.
The two-headed ogre shouts in stereo!
You hear a howl!
The two-headed ogre hits you with a cursed -2 dire flail!
The two-headed ogre hits you with a +0 giant club!
Unknown command.
Unknown command.
You barely miss the two-headed ogre. You barely miss the two-headed ogre.
The two-headed ogre hits you with a cursed -2 dire flail!
* * * LOW HITPOINT WARNING * * *
The two-headed ogre hits you with a +0 giant club!
You die...

#.##.#
#.#.%.
#.#..##
.....
....
#..#
#..#
#O@#
#..#
#..#
#..#
#..#
....
#...
##.#


You could see a two-headed ogre.

Vanquished Creatures
  A slave (D:5)
  A crimson imp (D:5)
  A kobold (D:2)
  A bat (D:3)
  A frilled lizard (D:5)
  A rat (D:2)
6 creatures vanquished.

Vanquished Creatures (collateral kills)
  Pikel (D:5)
  Grinder (D:3)
  2 hippogriffs (D:7)
  A hungry ghost (D:7)
  A water moccasin (D:7)
  3 slaves (D:5)
  An orc warrior (D:6)
  A black bear (D:7)
  3 sky beasts
  2 ogres (D:7)
  A bullfrog (D:5)
  A scorpion (D:4)
  5 killer bees (D:7)
  3 wights (D:6)
  3 howler monkeys
  3 crimson imps
  A quasit (D:6)
  A centaur skeleton (D:2)
  A jelly (D:7)
  4 orc priests
  A hound (D:4)
  3 orc wizards
  Ijyb (D:4)
  3 iguanas
  3 worker ants
  A howler monkey zombie (D:7)
  2 howler monkey skeletons
  4 gnolls (D:5)
  9 adders
  3 shadow imps
  An ooze (D:3)
  2 adder skeletons
  2 worms (D:2)
  A dart slug (D:2)
  5 leopard geckos
  13 orcs
  8 giant cockroaches
  5 goblins
  6 hobgoblins
  6 jackals
  5 kobolds
  6 quokkas
  2 ball pythons
  10 bats
  3 frilled lizards
  2 leopard gecko skeletons
  A leopard gecko zombie (D:6)
  A quokka skeleton (D:6)
  10 rats
  A plant (D:2)
159 creatures vanquished.

Grand Total: 165 creatures vanquished

Notes
Turn   | Place    | Note
-------+----------+-------------------------------------------
     0 | D:1      | 1994 the Deep Elf Summoner began the quest for the Orb.
     0 | D:1      | Reached XP level 1. HP: 10/10 MP: 6/6
   445 | D:1      | Reached XP level 2. HP: 15/15 MP: 4/8
   459 | D:1      | Learned a level 2 spell: Call Imp
   895 | D:1      | You fall through a shaft!
   941 | D:2      | Reached XP level 3. HP: 13/19 MP: 3/10
  1074 | D:2      | Learned a level 3 spell: Call Canine Familiar
  1078 | D:2      | Learned a level 3 spell: Summon Guardian Golem
  1688 | D:2      | Reached skill level 5 in Summonings
  2403 | D:3      | Reached XP level 4. HP: 24/24 MP: 10/12
  2617 | D:3      | Noticed Grinder
  2632 | D:3      | Killed Grinder
  2632 | D:3      | Reached XP level 5. HP: 28/28 MP: 1/14
  3148 | D:3      | Learned a level 4 spell: Summon Ice Beast
  3202 | D:3      | Reached skill level 5 in Spellcasting
  3822 | D:4      | Noticed Ijyb
  3839 | D:4      | Killed Ijyb
  3977 | D:4      | Reached XP level 6. HP: 32/32 MP: 16/16
  4344 | D:5      | Entered Level 5 of the Dungeon
  4378 | D:5      | Reached skill level 5 in Dodging
  4420 | D:5      | Reached skill level 6 in Summonings
  4750 | D:5      | Learned a level 4 spell: Summon Lightning Spire
  4790 | D:5      | Noticed a slave
  4881 | D:5      | Killed a slave
  4918 | D:5      | Noticed Pikel
  4919 | D:5      | Noticed a slave
  4920 | D:5      | Noticed a slave
  4937 | D:5      | Noticed a slave
  4958 | D:5      | Killed a slave
  4965 | D:5      | Killed a slave
  4970 | D:5      | Killed Pikel
  4970 | D:5      | Reached skill level 7 in Summonings
  4970 | D:5      | Reached XP level 7. HP: 31/36 MP: 6/18
  5591 | D:6      | Reached skill level 1 in Hexes
  6002 | D:6      | Reached XP level 8. HP: 36/41 MP: 16/20
  6101 | D:6      | Found a bloodstained altar of Trog.
  6126 | D:6      | Learned a level 1 spell: Confusing Touch
  6587 | D:7      | Reached skill level 8 in Summonings
  6722 | D:7      | Noticed a hippogriff
  6724 | D:7      | Noticed a hippogriff
  6729 | D:7      | Killed a hippogriff
  6733 | D:7      | Killed a hippogriff
  6919 | D:7      | Found a staircase to the Ecumenical Temple.
  6930 | Temple   | Entered the Ecumenical Temple
  7036 | Temple   | Became a worshipper of Sif Muna the Loreminder
  7119 | D:7      | Reached skill level 9 in Summonings
  7128 | D:7      | Reached skill level 1 in Invocations
  7609 | D:8      | Noticed a two-headed ogre
  7612 | D:8      | Slain by a two-headed ogre

Skill      XL: |  1  2  3  4  5  6  7  8 |
---------------+-------------------------+-----
Dodging        | 3 4 5 6 7 |  7.2
Spellcasting   | 4 5 6 7 8 |  8.0
Summonings     | 5 7 9 |  9.1
Hexes          | 2 3 |  3.0
Invocations    | 1 |  1.1
Stealth        | |  2.4

Action                   |  1- 3 |  4- 6 |  7- 9 || total
-------------------------+-------+-------+-------++-------
Melee: Whip              |    15 |     9 |       ||    24
       Quarterstaff      |       |     8 |     8 ||    16
       Unarmed           |       |       |     5 ||     5
 Cast: Summon Small Mamm |    49 |    20 |    15 ||    84
       Call Imp          |     7 |    15 |       ||    22
       Call Canine Famil |     2 |    15 |    12 ||    29
       Summon Guardian G |       |     3 |    12 ||    15
       Summon Lightning  |       |     2 |     2 ||     4
       Summon Ice Beast  |       |     1 |    15 ||    16
       Confusing Touch   |       |       |     4 ||     4
  Use: Scroll            |       |     3 |       ||     3
 Stab: Sleeping          |     2 |       |     3 ||     5
       Distracted        |       |       |     1 ||     1
  Eat: Chunk             |     5 |     7 |    11 ||    23
Armor: Robe              |    11 |     9 |     8 ||    28
Dodge: Dodged            |    53 |    30 |    42 ||   125
